[Event "Titled Tuesday Blitz January 18 2022"]
[White "Perez Ponsa, Federico"]
[Black "Vazquez, Facundo"]
[WhiteFideId "117927"]
[BlackFideId "3007669"]
[WhiteElo "2672"]
[BlackElo "1984"]
[Result "1/2-1/2"]
[Round "05"]
[TimeControl "180+1"]
[Date "2022.01.18"]
[WhiteClock "0:00:09"]
[BlackClock "0:00:08"]

1. d4 Nf6 2. c4 e6 3. Nf3 d5 4. Nc3 Be7 5. Bf4 O-O 6. e3 Nbd7 7. c5 c6 8. Be2 b6 9. b4 a5 10. a3 axb4 11. axb4 Rxa1 12. Qxa1 bxc5 13. bxc5 Nh5 14. Be5 f6 15. Bg3 Nxg3 16. hxg3 e5 17. Qb1 e4 18. Nxe4 dxe4 19. Qxe4 f5 20. Qxc6 Qa5+ 21. Nd2 Nf6 22. Qb5 Qa1+ 23. Qb1 Qa5 24. Qb5 Qa1+ 25. Bd1 Ba6 26. Qa4 Qxa4 27. Bxa4 Rb8 28. Kd1 Rb4 29. Bb3+ Kf8 30. Kc2 Rb8 31. Ra1 Bb5 32. f3 Bc6 33. Ra6 Bb5 34. Ra7 Bc6 35. Kd3 Nd5 36. Bxd5 Bxd5 37. e4 fxe4+ 38. fxe4 Bc6 39. Rc7 Bb5+ 40. Kc3 Bd8 41. Ra7 Be7 42. Nc4 Rc8 43. Nb6 Rc6 44. Kb4 Rxb6 45. Rxe7 Kxe7 46. cxb6 Bc6 47. Kc5 Bb7 48. d5 Kd7 49. e5 g5 50. g4 h6 51. g3 Ke7 52. Kd4 Kd7 53. Kc4 Ke7 54. Kc5 Kd7 55. e6+ Ke7 56. Kc4 Kd6 57. Kd4 Ba8 58. e7 Kxe7 59. Ke5 Kd7 60. d6 Bc6 61. Kf6 Kxd6 62. Kg6 Bd7 63. Kxh6 Bxg4 64. Kxg5 Bc8 65. b7 Bxb7 66. Kf6 Bc8 67. g4 Kd5 68. g5 Be6 69. g6 Bg8 70. g7 Be6 71. Ke7 Ke5 72. Ke8 Kf6 73. Kf8 Kg6 74. g8=Q+ Bxg8 1/2-1/2


[Site "https://www.chess.com"]

[Event "Titled Tuesday Blitz January 18 2022"]
[White "Petrovskyi, Vadym"]
[Black "Taichman, Ori"]
[WhiteFideId "14165210"]
[BlackFideId "2804069"]
[WhiteElo "2424"]
[BlackElo "2227"]
[Result "1-0"]
[Round "05"]
[TimeControl "180+1"]
[Date "2022.01.18"]
[WhiteClock "0:00:11"]
[BlackClock "0:00:03"]

1. e4 c5 2. Nf3 Nc6 3. d4 cxd4 4. Nxd4 d5 5. Nc3 dxe4 6. Bb5 Bd7 7. Bxc6 Bxc6 8. Nxc6 Qxd1+ 9. Kxd1 bxc6 10. Nxe4 f5 11. Ng5 e5 12. Ne6 Kf7 13. Nxf8 Rxf8 14. Ke2 Nf6 15. c4 Rhg8 16. Be3 a6 17. Rhd1 Ke6 18. Rd3 f4 19. Bb6 Rb8 20. Rb3 g5 21. Bc5 Ne4 22. Bb4 g4 23. h3 c5 24. Be1 gxh3 25. gxh3 Nd6 26. Rc1 Rxb3 27. axb3 Rb8 28. Rc3 e4 29. Kd2 Nf5 30. f3 e3+ 31. Kd3 Ke5 32. Rc1 Rd8+ 33. Kc3 Nd4 34. Bh4 Nxf3 35. Bxd8 Ke4 36. Bb6 Nd4 37. Rd1 e2 38. Rxd4+ cxd4+ 39. Kd2 f3 40. b4 d3 41. Bf2 h5 42. b3 Kf4 43. c5 Ke4 44. c6 h4 45. c7 1-0


[Site "https://www.chess.com"]

[Event "Titled Tuesday Blitz January 18 2022"]
[White "Pichot, Alan"]
[Black "Piorun, Kacper"]
[WhiteFideId "110973"]
[BlackFideId "1130420"]
[WhiteElo "2898"]
[BlackElo "2979"]
[Result "1-0"]
[Round "05"]
[TimeControl "180+1"]
[Date "2022.01.18"]
[WhiteClock "0:00:06"]
[BlackClock "0:00:02"]

1. e4 e6 2. d4 d5 3. Nc3 Bb4 4. e5 Qd7 5. h4 b6 6. a3 Bxc3+ 7. bxc3 Ba6 8. Qg4 f5 9. Qg3 Bxf1 10. Kxf1 Nc6 11. Ne2 O-O-O 12. Nf4 g6 13. a4 Nge7 14. Ba3 Rhg8 15. Qg5 Rde8 16. f3 Na5 17. Kf2 Nc4 18. Bxe7 Qxe7 19. Qxe7 Rxe7 20. Rab1 Kb7 21. Rh3 Kc6 22. Rg3 Rgg7 23. Rg5 Kd7 24. h5 c6 25. hxg6 hxg6 26. Rh1 b5 27. axb5 cxb5 28. Nxg6 Kc7 29. Rhh5 Re8 30. Nf4 Rxg5 31. Rxg5 a5 32. Rg7+ Kc6 33. Rg6 Kd7 34. Nd3 a4 35. Nc5+ Kc8 36. Nxe6 a3 37. Nc5 Kc7 38. Ra6 f4 39. g4 Rh8 40. g5 Rh2+ 41. Kg1 Rxc2 42. g6 Nd2 43. Kg2 Ne4+ 44. Kh3 Nxc5 45. dxc5 Rc1 46. Kg4 Rg1+ 47. Kf5 1-0


[Site "https://www.chess.com"]

[Event "Titled Tuesday Blitz January 18 2022"]
[White "Pultinevicius, Paulius"]
[Black "Kovalev, Egor"]
[WhiteFideId "12809390"]
[BlackFideId "24124117"]
[WhiteElo "2413"]
[BlackElo "2243"]
[Result "1-0"]
[Round "05"]
[TimeControl "180+1"]
[Date "2022.01.18"]
[WhiteClock "0:00:24"]
[BlackClock "0:00:01"]

1. d4 Nf6 2. c4 g6 3. Nc3 d5 4. cxd5 Nxd5 5. Bd2 Nb6 6. Nf3 Bg7 7. e4 O-O 8. h3 Nc6 9. d5 Na5 10. Qc2 c6 11. Nd1 Nd7 12. Rc1 cxd5 13. exd5 b6 14. Bb5 Nf6 15. Bxa5 bxa5 16. Bc6 Rb8 17. Ne3 Ba6 18. Rd1 Nh5 19. Nd4 Qb6 20. Nb3 Nf4 21. Nc5 Qb4+ 22. Rd2 Bc8 23. g3 Nxh3 24. Nd3 Qb6 25. Nc4 Qd4 26. Nf4 Qc5 27. Nxh3 Bh6 28. Nf4 Bg7 29. O-O Ba6 30. b3 Rb4 31. Nd3 Qd6 32. Nxb4 1-0


[Site "https://www.chess.com"]

[Event "Titled Tuesday Blitz January 18 2022"]
[White "Raja Rithvik R"]
[Black "Khumalo, Keith"]
[WhiteFideId "35007394"]
[BlackFideId "14319470"]
[WhiteElo "2255"]
[BlackElo "1992"]
[Result "0-1"]
[Round "05"]
[TimeControl "180+1"]
[Date "2022.01.18"]
[WhiteClock "0:00:50"]
[BlackClock "0:02:12"]

1. b3 c5 2. Bb2 Nc6 3. e3 a6 4. Nf3 d5 5. d4 cxd4 6. exd4 Nf6 7. Bd3 g6 8. O-O Bg7 9. Nbd2 O-O 10. a3 Bf5 11. Bxf5 gxf5 12. Ne5 Nxe5 13. dxe5 Ne4 14. Nxe4 dxe4 15. Qe2 Qd5 16. c4 Qe6 17. f4 Rfd8 18. Rad1 Qb6+ 19. Kh1 Qxb3 20. Ra1 Rac8 21. Rab1 Qxc4 22. Qh5 e6 23. g4 Qe2 24. Qg5 Rd2 0-1


[Site "https://www.chess.com"]

[Event "Titled Tuesday Blitz January 18 2022"]
[White "Rustemov, Alexander"]
[Black "Deac, Bogdan-Daniel"]
[WhiteFideId "4119002"]
[BlackFideId "1226380"]
[WhiteElo "2895"]
[BlackElo "2646"]
[Result "0-1"]
[Round "05"]
[TimeControl "180+1"]
[Date "2022.01.18"]
[WhiteClock "0:00:03"]
[BlackClock "0:00:04"]

1. d4 Nf6 2. Nf3 d5 3. c4 e6 4. cxd5 exd5 5. Nc3 h6 6. Bf4 Bd6 7. Bxd6 Qxd6 8. e3 Nc6 9. h3 Ne7 10. Bd3 Bf5 11. O-O c6 12. Rc1 O-O 13. Ne5 g6 14. Na4 Bxd3 15. Qxd3 Nf5 16. Nc5 Qe7 17. b4 Nd6 18. a4 a6 19. Rc2 Kg7 20. Rfc1 h5 21. f3 Rfe8 22. e4 Rad8 23. Re1 a5 24. bxa5 Ra8 25. Qc3 Qc7 26. Rb2 Rxa5 27. Nxb7 Rxa4 28. Nxd6 Qxd6 29. Rb7 Re7 30. Rxe7 Qxe7 31. Nxc6 Qe6 32. Ne5 Qb6 33. Qc5 Qb2 34. Qe7 Qxd4+ 35. Kh1 Ra7 36. Qd6 Qf2 37. Rg1 dxe4 38. fxe4 Nxe4 39. Qd3 Ng3+ 40. Kh2 Ne2 41. Rd1 Qf4+ 42. Kh1 Qxe5 43. Re1 Ng3+ 0-1


[Site "https://www.chess.com"]

[Event "Titled Tuesday Blitz January 18 2022"]
[White "Sadhwani, Raunak"]
[Black "Bluebaum, Matthias"]
[WhiteFideId "35093487"]
[BlackFideId "24651516"]
[WhiteElo "3011"]
[BlackElo "2902"]
[Result "1/2-1/2"]
[Round "05"]
[TimeControl "180+1"]
[Date "2022.01.18"]
[WhiteClock "0:02:16"]
[BlackClock "0:02:19"]

1. c4 e6 2. Nf3 d5 3. d4 Nf6 4. g3 Be7 5. Bg2 O-O 6. O-O dxc4 7. Qc2 a6 8. a4 Nbd7 9. Qxc4 b5 10. Qc6 Rb8 11. axb5 axb5 12. Qc2 Bb7 13. Nc3 b4 14. Na4 Be4 15. Qd1 c5 16. b3 cxd4 17. Nxd4 Bxg2 18. Kxg2 Qc7 19. Bb2 1/2-1/2


[Site "https://www.chess.com"]

[Event "Titled Tuesday Blitz January 18 2022"]
[White "Sadykov, Ramil"]
[Black "Golubka, Petro"]
[WhiteFideId "24113590"]
[BlackFideId "14114224"]
[WhiteElo "2300"]
[BlackElo "2392"]
[Result "1/2-1/2"]
[Round "05"]
[TimeControl "180+1"]
[Date "2022.01.18"]
[WhiteClock "0:00:06"]
[BlackClock "0:00:13"]

1. c4 c5 2. Nc3 Nc6 3. Nf3 g6 4. d4 cxd4 5. Nxd4 Bg7 6. Nc2 Nf6 7. e4 O-O 8. Be3 d6 9. f3 e6 10. Be2 Re8 11. O-O d5 12. cxd5 exd5 13. exd5 Nb4 14. Nxb4 Rxe3 15. Kh1 Qb6 16. Nc2 Re8 17. Bb5 Rd8 18. Re1 a6 19. Bc4 Bd7 20. Rb1 Rac8 21. Bb3 Qd6 22. Qd2 b5 23. Ne4 Nxe4 24. fxe4 Be5 25. g3 h5 26. Nd4 a5 27. Nf3 a4 28. Bd1 Bg7 29. Qf4 Qc5 30. Ng5 Rf8 31. Be2 Qd4 32. Nf3 Qb4 33. a3 Qe7 34. Bd3 Bg4 35. Kg2 Bxf3+ 36. Qxf3 Be5 37. Qe3 Qd7 38. Qe2 Rc5 39. Rbc1 Rfc8 40. Rxc5 Rxc5 41. Rd1 Qd6 42. Rd2 Kg7 43. Rc2 Rxc2 44. Qxc2 b4 45. Qxa4 bxa3 46. bxa3 Qc5 47. Qc2 Qxa3 48. Qe2 Qc3 49. h3 Bd6 50. Qe3 Qe5 51. Qf3 Qg5 52. Be2 h4 53. g4 Qe5 54. Kf1 Qh2 55. Qg2 Qf4+ 56. Qf3 Qd2 57. Qf2 Qc1+ 58. Qe1 Qc2 59. Qf2 Qxe4 60. Qf3 Qb1+ 61. Kg2 Qc1 62. Bf1 Qd2+ 63. Be2 Qd4 64. Kf1 Qe5 65. Kg2 f5 66. gxf5 gxf5 67. Kf1 Kf6 68. Qg2 Qf4+ 69. Qf3 Qc1+ 70. Kg2 Be5 71. Bd3 Qd2+ 72. Qe2 Qg5+ 73. Kf1 Qg3 74. Bc2 Qxh3+ 75. Qg2 Qe3 76. Qf2 Qc1+ 77. Kg2 Qg5+ 78. Kf1 h3 79. d6 Bxd6 80. Qd4+ Be5 81. Qd8+ Kg6 82. Qg8+ Kh5 83. Qxg5+ Kxg5 84. Kg1 Kg4 85. Bd1+ Kg3 86. Bc2 f4 87. Be4 Bd4+ 88. Kh1 Be3 89. Bd5 f3 90. Bxf3 Kxf3 91. Kh2 Kg4 92. Kh1 Bf4 93. Kg1 Bg3 94. Kh1 Bf4 95. Kg1 Bg3 96. Kh1 Bf4 1/2-1/2


[Site "https://www.chess.com"]

[Event "Titled Tuesday Blitz January 18 2022"]
[White "Salinas Herrera, Pablo"]
[Black "Prohorov, Olexandr"]
[WhiteFideId "3407128"]
[BlackFideId "14105578"]
[WhiteElo "2541"]
[BlackElo "1993"]
[Result "1-0"]
[Round "05"]
[TimeControl "180+1"]
[Date "2022.01.18"]
[WhiteClock "0:01:25"]
[BlackClock "0:00:03"]

1. e4 c5 2. Nf3 Nc6 3. Bb5 d6 4. O-O Bd7 5. Re1 e5 6. c3 Nf6 7. d4 cxd4 8. cxd4 Be7 9. Nc3 exd4 10. Nxd4 O-O 11. Bf1 Bg4 12. f3 Bc8 13. Bf4 Qb6 14. Be3 Qxb2 15. Ncb5 Nxd4 16. Bxd4 Qb4 17. Rb1 Qa5 18. Kh1 Be6 19. Bc3 Qd8 20. Nd4 Bc8 21. a4 Nd7 22. Nf5 Bf6 23. Bb4 Nc5 24. Nxd6 b6 25. e5 Be7 26. a5 Be6 27. axb6 axb6 28. f4 g6 29. Qf3 Ra2 30. Rbd1 Qa8 31. Qg3 Kh8 32. Bc3 1-0


[Site "https://www.chess.com"]

[Event "Titled Tuesday Blitz January 18 2022"]
[White "Samadov, Read"]
[Black "Steel, Henry Robert"]
[WhiteFideId "13417444"]
[BlackFideId "14300567"]
[WhiteElo "2084"]
[BlackElo "2424"]
[Result "1-0"]
[Round "05"]
[TimeControl "180+1"]
[Date "2022.01.18"]
[WhiteClock "0:01:34"]
[BlackClock "0:00:01"]

1. d4 Nf6 2. c4 c5 3. d5 g6 4. Nc3 Bg7 5. e4 O-O 6. Nf3 d6 7. Be2 e6 8. Be3 exd5 9. cxd5 b5 10. e5 dxe5 11. Bxc5 Re8 12. Bxb5 Bd7 13. Be2 e4 14. Nd4 Qc7 15. b4 Qe5 16. O-O Nxd5 17. Nxd5 Qxd5 18. Rc1 Nc6 19. Bc4 Qe5 20. Nb5 Rad8 21. Nd6 Bc8 22. Bxf7+ Kh8 23. Bxe8 1-0


[Site "https://www.chess.com"]

[Event "Titled Tuesday Blitz January 18 2022"]
[White "Samunenkov, Ihor"]
[Black "Swicarz, Maciej"]
[WhiteFideId "14187086"]
[BlackFideId "1113585"]
[WhiteElo "2406"]
[BlackElo "2063"]
[Result "1-0"]
[Round "05"]
[TimeControl "180+1"]
[Date "2022.01.18"]
[WhiteClock "0:00:25"]
[BlackClock "0:00:37"]

1. e4 c6 2. Nf3 d5 3. Nc3 a6 4. d4 Bg4 5. Be2 e6 6. O-O Nf6 7. e5 Nfd7 8. Ng5 Bxe2 9. Nxe2 Be7 10. f4 c5 11. c3 Nc6 12. Be3 cxd4 13. cxd4 Qb6 14. b3 Bxg5 15. fxg5 Ndxe5 16. Ng3 Ng6 17. Qg4 e5 18. Rae1 Qb4 19. h4 O-O 20. h5 Nge7 21. h6 g6 22. Kh1 Rad8 23. Qf3 f5 24. gxf6 exd4 25. f7+ 1-0


[Site "https://www.chess.com"]

[Event "Titled Tuesday Blitz January 18 2022"]
[White "Sanal, Vahap"]
[Black "Kalashian, David"]
[WhiteFideId "6300545"]
[BlackFideId "13302418"]
[WhiteElo "2603"]
[BlackElo "2490"]
[Result "1-0"]
[Round "05"]
[TimeControl "180+1"]
[Date "2022.01.18"]
[WhiteClock "0:01:32"]
[BlackClock "0:00:16"]

1. e4 c6 2. Nf3 g6 3. d4 Bg7 4. h3 d6 5. Nc3 Nf6 6. Be2 O-O 7. O-O Nbd7 8. a4 e5 9. Re1 Re8 10. Bc4 Qe7 11. Ba2 h6 12. Be3 Nf8 13. Qd2 Kh7 14. Rad1 Be6 15. d5 cxd5 16. Bxd5 Nxd5 17. Nxd5 Qd7 18. b3 Red8 19. c4 b6 20. Qc1 Rac8 21. Bxh6 Bxd5 22. Bxg7 Kxg7 23. Rxd5 Qc7 24. Red1 Ne6 25. g3 Nc5 26. Qe3 Ne6 27. h4 Qe7 28. Kg2 Qf6 29. Ng5 Nxg5 30. Qxg5 Qxg5 31. hxg5 Rc6 32. Rxe5 Kf8 33. Red5 Ke7 34. e5 a5 35. f4 Ke6 36. Kf3 Rd7 37. g4 Rd8 38. Ke4 Ke7 39. Rxd6 Rcxd6 40. Rxd6 Rxd6 41. exd6+ Kxd6 42. f5 Kc5 43. Ke5 Kb4 44. Kf6 Kxb3 45. Kxf7 1-0


[Site "https://www.chess.com"]

[Event "Titled Tuesday Blitz January 18 2022"]
[White "Sargsyan, Anna M."]
[Black "Svane, Frederik"]
[WhiteFideId "13308130"]
[BlackFideId "12923044"]
[WhiteElo "2271"]
[BlackElo "2459"]
[Result "1-0"]
[Round "05"]
[TimeControl "180+1"]
[Date "2022.01.18"]
[WhiteClock "0:00:10"]
[BlackClock "0:00:01"]

1. d4 Nf6 2. c4 e6 3. Nf3 d5 4. Nc3 dxc4 5. e4 b5 6. e5 Nd5 7. Nxb5 Nb6 8. Nc3 Nc6 9. Be3 Be7 10. Be2 O-O 11. O-O Nb4 12. Rc1 Ba6 13. a3 Nd3 14. Rb1 c5 15. Bxd3 cxd3 16. dxc5 Nd5 17. Nxd5 Qxd5 18. b4 Rfd8 19. Qd2 Bb7 20. Rfd1 Qe4 21. Rb3 Qg6 22. Ne1 Be4 23. f3 Bf5 24. c6 Rac8 25. Rc3 h5 26. Bxa7 Rd5 27. f4 Be4 28. Be3 Qf5 29. Rb1 h4 30. b5 h3 31. b6 hxg2 32. b7 Rf8 33. b8=Q Qh3 34. c7 Kh7 35. c8=Q Rxc8 36. Rxc8 Kg6 37. Rh8 Qf3 38. Qf2 Qxf2+ 39. Bxf2 d2 40. Qg8 dxe1=Q+ 41. Rxe1 Kf5 42. Qxf7+ Kg4 43. Qxe6+ 1-0


[Site "https://www.chess.com"]

[Event "Titled Tuesday Blitz January 18 2022"]
[White "Savchenko, Boris"]
[Black "Yuan, Qingyu"]
[WhiteFideId "4147332"]
[BlackFideId "8609772"]
[WhiteElo "2512"]
[BlackElo "2359"]
[Result "1-0"]
[Round "05"]
[TimeControl "180+1"]
[Date "2022.01.18"]
[WhiteClock "0:00:09"]
[BlackClock "0:00:03"]

1. e4 c6 2. Nc3 d5 3. d4 dxe4 4. Nxe4 Nf6 5. Nxf6+ exf6 6. c3 Bd6 7. Bd3 O-O 8. Ne2 Re8 9. Qc2 h5 10. Be3 Nd7 11. O-O-O Nf8 12. c4 Be6 13. Kb1 Rc8 14. Nc3 Bb4 15. Ne4 Be7 16. f3 b5 17. cxb5 Qa5 18. b3 cxb5 19. Nc5 Nd7 20. Bh7+ Kh8 21. Bf5 Bxc5 22. dxc5 Nxc5 23. Bxc5 Bxf5 24. Qxf5 Re2 25. Qxc8+ Kh7 26. Qf5+ g6 27. Qc2 Rxc2 28. Kxc2 Qxa2+ 29. Kc3 a5 30. Bd4 b4+ 31. Kc4 a4 32. Bxf6 Qxb3+ 33. Kc5 Qe6 34. Rd6 Qe3+ 35. Kxb4 Qb3+ 36. Ka5 Qc4 37. Rhd1 a3 38. Ba1 Qc5+ 39. Ka4 a2 40. Kb3 Qa5 41. R1d2 g5 42. R6d5 Qb6+ 43. Kxa2 f6 44. Rd6 Qa5+ 45. Kb1 Qb5+ 46. Bb2 Qf1+ 47. Kc2 Qc4+ 48. Bc3 Qa2+ 49. Kd3 Qa3 50. Rxf6 Qa4 51. Re2 Qb5+ 52. Kd2 Qd5+ 53. Ke1 Qc5 54. Bb2 Qg1+ 55. Kd2 Qc5 56. Rfe6 Qb4+ 57. Bc3 Qc5 58. Re7+ Kg6 59. R2e6+ Kf5 60. Re5+ Qxe5 61. Rxe5+ Kf4 62. Ke2 g4 63. g3# 1-0


[Site "https://www.chess.com"]

[Event "Titled Tuesday Blitz January 18 2022"]
[White "Seemann, Jakub"]
[Black "Papasimakopoulos, Alexandros"]
[WhiteFideId "21874697"]
[BlackFideId "4244125"]
[WhiteElo "2003"]
[BlackElo "2340"]
[Result "0-1"]
[Round "05"]
[TimeControl "180+1"]
[Date "2022.01.18"]
[WhiteClock "0:00:01"]
[BlackClock "0:01:07"]

1. e4 e6 2. d4 d5 3. Nc3 Bb4 4. exd5 exd5 5. Bd3 Nc6 6. Nf3 Bg4 7. a3 Bxc3+ 8. bxc3 Nf6 9. O-O O-O 10. a4 Re8 11. h3 Bh5 12. Bg5 h6 13. Bh4 g5 14. Bg3 Ne4 15. Ra3 Qe7 16. Rb3 Na5 17. Rb2 Qa3 18. Qc1 Bxf3 19. gxf3 Nxc3 20. Bxc7 b6 21. h4 Re6 22. hxg5 hxg5 23. Qxg5+ Kf8 24. Bf5 Qe7 25. Qxe7+ Rxe7 26. Bd6 Nc4 27. Bxe7+ Kxe7 28. Rb3 Ne2+ 29. Kg2 Rg8+ 30. Bg4 Kd6 31. Re1 Nxd4 32. Rd3 Nxc2 33. Red1 Nb4 34. Rb3 a5 35. Kf1 Kc5 36. Bf5 Rh8 37. Ke2 Re8+ 38. Kf1 Re5 39. Bd3 Rh5 40. Bxc4 dxc4 41. Re3 Nd5 42. Re8 Nc3 43. Rd7 Nxa4 44. Rc8+ Kb4 45. Rxf7 c3 46. Rf4+ Kb3 47. Rfc4 Rc5 48. R4xc5 Nxc5 49. Ke2 c2 50. Kd2 Kb2 0-1


[Site "https://www.chess.com"]

[Event "Titled Tuesday Blitz January 18 2022"]
[White "Seo, Jung Min"]
[Black "Tsyhanchuk, Stanislav"]
[WhiteFideId "1734687"]
[BlackFideId "13505130"]
[WhiteElo "2401"]
[BlackElo "2078"]
[Result "0-1"]
[Round "05"]
[TimeControl "180+1"]
[Date "2022.01.18"]
[WhiteClock "0:00:03"]
[BlackClock "0:00:03"]

1. Nf3 Nf6 2. d4 g6 3. c4 Bg7 4. Nc3 O-O 5. e4 c5 6. d5 d6 7. Be2 e6 8. O-O exd5 9. cxd5 Bg4 10. Nd2 Bxe2 11. Qxe2 a6 12. a4 Nfd7 13. Nc4 Ne5 14. Na3 g5 15. Nc2 f5 16. f4 gxf4 17. Bxf4 fxe4 18. Nxe4 Nbd7 19. Nxd6 Qb6 20. Nc4 Nxc4 21. Qxc4 Qxb2 22. d6+ Kh8 23. Rab1 Rxf4 24. Qxf4 Qxc2 25. Qf3 Qxa4 26. Qxb7 Rg8 27. Kh1 c4 28. Rf7 Ne5 29. Re7 c3 30. d7 c2 31. Rg1 Nd3 32. Qf3 Qd4 33. Rf1 c1=Q 34. Rxc1 Nxc1 35. g3 Nd3 36. Qf7 Qa1+ 37. Kg2 Qb2+ 0-1


[Site "https://www.chess.com"]

[Event "Titled Tuesday Blitz January 18 2022"]
[White "Shipov, Sergei"]
[Black "Sadovsky, Artem"]
[WhiteFideId "4113624"]
[BlackFideId "4155840"]
[WhiteElo "2778"]
[BlackElo "2369"]
[Result "1-0"]
[Round "05"]
[TimeControl "180+1"]
[Date "2022.01.18"]
[WhiteClock "0:02:28"]
[BlackClock "0:01:49"]

1. d4 g6 2. c4 Bg7 3. e4 d6 4. Nc3 e5 5. Nge2 Nc6 6. Be3 f5 7. exf5 Bxf5 8. d5 Nce7 9. h3 h5 10. g3 Nf6 11. Bg2 a6 12. a4 Bd7 13. O-O Nf5 14. Bg5 O-O 15. a5 Bh6 16. Qd2 Bxg5 17. Qxg5 Kg7 18. Rad1 Nh7 19. Qd2 Qg5 20. f4 exf4 21. Ne4 Qe7 22. Nxf4 Ng5 23. Nxg5 1-0


[Site "https://www.chess.com"]

[Event "Titled Tuesday Blitz January 18 2022"]
[White "Shkapenko, Pavel"]
[Black "Salimova, Nurgyul"]
[WhiteFideId "4151933"]
[BlackFideId "2915138"]
[WhiteElo "2386"]
[BlackElo "2185"]
[Result "1/2-1/2"]
[Round "05"]
[TimeControl "180+1"]
[Date "2022.01.18"]
[WhiteClock "0:00:20"]
[BlackClock "0:00:04"]

1. e4 c6 2. d4 d5 3. e5 Bf5 4. h4 h5 5. Bd3 Bxd3 6. Qxd3 Qa5+ 7. Nd2 e6 8. Ne2 Ne7 9. b4 Qa6 10. Qb3 Nf5 11. Nf3 Qb5 12. Bd2 Nd7 13. a4 Qc4 14. Qxc4 dxc4 15. a5 Be7 16. c3 O-O-O 17. Bg5 f6 18. Bf4 fxe5 19. Nxe5 Nxe5 20. Bxe5 Nxh4 21. Nf4 Nf5 22. O-O-O Bg5 23. Rde1 Bxf4+ 24. Bxf4 Kd7 25. Re5 Rde8 26. Rc5 b5 27. axb6 axb6 28. Rxc4 h4 29. b5 Rc8 30. bxc6+ Rxc6 31. Rxc6 Kxc6 32. Kd2 Rh5 33. Kd3 g5 34. Be5 g4 35. Ke4 h3 36. gxh3 gxh3 37. Kf3 Kd5 38. Kg4 Rh4+ 39. Kg5 Kc4 40. Kf6 Rh6+ 41. Kg5 b5 42. Rh2 Kd3 43. Kg4 Kc4 44. Kg5 Rh7 45. Kg4 Rh6 46. Kg5 1/2-1/2


[Site "https://www.chess.com"]

[Event "Titled Tuesday Blitz January 18 2022"]
[White "Shyaamnikhil P"]
[Black "Karas, Marek"]
[WhiteFideId "5024218"]
[BlackFideId "14928558"]
[WhiteElo "2292"]
[BlackElo "2270"]
[Result "0-1"]
[Round "05"]
[TimeControl "180+1"]
[Date "2022.01.18"]
[WhiteClock "0:01:04"]
[BlackClock "0:00:51"]

1. Nf3 Nf6 2. g3 d5 3. Bg2 Bg4 4. O-O e6 5. d3 Be7 6. Nbd2 O-O 7. h3 Bh5 8. e4 c5 9. Qe1 Nc6 10. c3 Rc8 11. Nh2 Bg6 12. f4 dxe4 13. dxe4 h6 14. f5 exf5 15. exf5 Bh7 16. g4 Re8 17. Ndf3 Bd6 18. Qh4 Ne5 19. Nxe5 Bxe5 20. Nf3 Bb8 21. g5 hxg5 22. Bxg5 Qb6 23. Bxf6 Qxf6 24. Ng5 Qh6 25. Qxh6 gxh6 26. Ne4 Be5 27. Nxc5 Rxc5 28. Rad1 Rc7 29. Rd5 Bf6 30. Bf3 Rce7 31. Bg4 Re1 32. Rxe1 Rxe1+ 33. Kf2 Rb1 34. Rd2 h5 35. Bxh5 Bxf5 36. Kg3 Rg1+ 37. Kf2 Rh1 38. Bg4 Bxg4 39. hxg4 Rh2+ 40. Ke1 Rxd2 41. Kxd2 Kg7 42. b4 Kg6 43. a4 Kg5 44. a5 a6 45. c4 Kxg4 46. b5 Be7 47. Kc3 Bc5 48. bxa6 bxa6 49. Kd3 f5 0-1


[Site "https://www.chess.com"]

[Event "Titled Tuesday Blitz January 18 2022"]
[White "Sokolovsky, Yahli"]
[Black "Tsvetkov, Andrey"]
[WhiteFideId "2820242"]
[BlackFideId "34139360"]
[WhiteElo "1770"]
[BlackElo "2280"]
[Result "1-0"]
[Round "05"]
[TimeControl "180+1"]
[Date "2022.01.18"]
[WhiteClock "0:00:10"]
[BlackClock "0:00:12"]

1. b3 d5 2. Bb2 Bg4 3. h3 Bh5 4. g4 Bg6 5. Bg2 e6 6. Nf3 Nd7 7. d3 Ngf6 8. Nbd2 Bd6 9. Nh4 O-O 10. Nxg6 hxg6 11. e4 dxe4 12. Nxe4 Nxe4 13. Bxe4 Qe7 14. Bxb7 Rab8 15. Bg2 Ba3 16. Bxa3 Qxa3 17. O-O Rfd8 18. Qe2 Nf6 19. Qe5 Rd6 20. Qc3 Qa6 21. Rfe1 Nd5 22. Bxd5 Rxd5 23. Qxc7 Rc8 24. Qe7 Rxc2 25. Qe8+ Kh7 26. Qxf7 Qxd3 27. Rxe6 Rd7 28. Qf4 Rd2 29. Qe4 Qxe4 30. Rxe4 Rf7 31. Rf1 Rxa2 32. Ra4 Rb2 33. Ra3 Rf3 34. Kg2 Rbxb3 35. Rxb3 Rxb3 36. Ra1 Rb7 37. Ra6 g5 38. Kg3 g6 39. Kf3 Kg7 40. Kg2 Rf7 41. Kg3 Kh6 42. f3 Kg7 43. Kf2 Re7 44. Kf1 Kf7 45. Kg2 Re2+ 46. Kg3 Re7 47. Kf2 Rb7 48. Ke3 Rb3+ 49. Ke4 Rb7 50. Ke5 Re7+ 51. Kd5 Rd7+ 52. Ke4 Re7+ 53. Kd3 Rb7 54. Ke2 Rb2+ 55. Kf1 Rh2 56. Rxa7+ Kg8 57. Ra5 Rxh3 58. Kg2 Rh8 59. Rxg5 Kg7 60. Ra5 Rb8 61. Kg3 Rb4 62. g5 Rb1 63. Ra7+ Kg8 64. Kg4 Rb4+ 65. f4 Rb1 66. Kf3 Rb4 67. Ke3 Rc4 68. Rd7 Rc1 69. Ke4 Re1+ 70. Kd5 Kf8 71. Rd6 Kg7 72. Re6 Rf1 73. Ke5 Re1+ 74. Kd6 Rf1 75. Rf6 Rd1+ 76. Ke7 Re1+ 77. Kd6 Rd1+ 78. Ke5 Rf1 79. Ra6 Re1+ 80. Kd4 Kf7 81. Rf6+ Kg7 82. Rb6 Rd1+ 83. Ke3 Re1+ 84. Kf3 Re7 85. Kg4 Rc7 86. Rd6 Re7 87. Rc6 Rd7 88. Rb6 Rf7 89. Kf3 Re7 90. Rc6 Rd7 91. Ke4 Re7+ 92. Kd5 Rf7 93. Ke5 Rf5+ 94. Ke4 Rf7 95. Re6 Rb7 96. Rd6 Rb4+ 97. Ke5 Rb8 98. Rd7+ Kg8 99. Re7 Rf8 100. Re6 Rf5+ 101. Ke4 Kg7 102. Re7+ Kf8 103. Re5 Rf7 104. Re6 Kg7 105. Ke5 Ra7 106. Rd6 Kf7 107. Rf6+ Kg7 108. Rc6 Re7+ 109. Kd6 Rf7 110. Rc7 Kf8 111. Rxf7+ Kxf7 112. Kd7 Kg7 113. Ke7 Kg8 114. Kf6 Kh7 115. Kf7 Kh8 116. Kxg6 Kg8 117. f5 Kf8 118. f6 Kg8 119. Kh6 Kf8 120. g6 Kg8 121. f7+ Kf8 122. Kh7 Ke7 123. g7 Kd7 124. g8=Q Kc6 125. f8=Q 1-0


[Site "https://www.chess.com"]

[Event "Titled Tuesday Blitz January 18 2022"]
[White "Srihari L R"]
[Black "Piesik, Piotr"]
[WhiteFideId "46617116"]
[BlackFideId "1136194"]
[WhiteElo "2121"]
[BlackElo "2232"]
[Result "1-0"]
[Round "05"]
[TimeControl "180+1"]
[Date "2022.01.18"]
[WhiteClock "0:01:54"]
[BlackClock "0:02:36"]

1. c4 g6 2. Nc3 Bg7 3. Nf3 Nc6 4. d4 d6 5. g3 e5 6. dxe5 Nxe5 7. Nxe5 dxe5 8. Qxd8+ Kxd8 9. Bg5+ f6 10. Rd1+ Ke8 11. Nd5 fxg5 12. Nxc7+ Ke7 13. Nxa8 Be6 14. b3 Nf6 15. Nc7 1-0


[Site "https://www.chess.com"]

[Event "Titled Tuesday Blitz January 18 2022"]
[White "Suder, Jakub"]
[Black "Vignesh, N R"]
[WhiteFideId "1195310"]
[BlackFideId "25012215"]
[WhiteElo "2058"]
[BlackElo "2395"]
[Result "1-0"]
[Round "05"]
[TimeControl "180+1"]
[Date "2022.01.18"]
[WhiteClock "0:01:19"]
[BlackClock "0:00:50"]

1. d4 d5 2. c4 c6 3. cxd5 cxd5 4. Bg5 Nf6 5. Bxf6 gxf6 6. Nc3 Nc6 7. e3 h5 8. h4 e5 9. Bb5 Be6 10. Nge2 Rc8 11. Rc1 Qb6 12. Qd2 a6 13. Ba4 Qa5 14. a3 Bh6 15. b4 Qd8 16. O-O Kf8 17. Bb3 Ne7 18. Ng3 1-0


[Site "https://www.chess.com"]

[Event "Titled Tuesday Blitz January 18 2022"]
[White "Sviridov, Valery"]
[Black "Kavyev, Ruslan"]
[WhiteFideId "4120680"]
[BlackFideId "34110981"]
[WhiteElo "2454"]
[BlackElo "2182"]
[Result "1-0"]
[Round "05"]
[TimeControl "180+1"]
[Date "2022.01.18"]
[WhiteClock "0:02:04"]
[BlackClock "0:00:31"]

1. Nf3 Nf6 2. g3 g6 3. Bg2 Bg7 4. O-O O-O 5. c4 c5 6. Nc3 Nc6 7. d4 cxd4 8. Nxd4 Ng4 9. e3 d6 10. Nde2 Nge5 11. b3 a6 12. Bb2 Rb8 13. Qd2 Be6 14. Nf4 Bd7 15. Nfd5 b5 16. cxb5 axb5 17. f4 Ng4 18. h3 Nf6 19. Rac1 Qa5 20. b4 Qa7 21. Nxf6+ Bxf6 22. Nd5 Bxb2 23. Qxb2 Rfc8 24. Rc3 Be6 25. Rfc1 Nd8 26. Rc7 Rxc7 27. Rxc7 1-0


[Site "https://www.chess.com"]